 Dungeon Crawl Stone Soup version 0.31.0-1-g2c135a0 (webtiles) character file.

Game seed: 5678713013573663578

153990 samcosmo the Brawler (level 17, 0/247 HPs)
             Began as a Troll Shapeshifter on Mar 14, 2024.
             Was the Champion of Hepliaklqana.
             Shot with an arrow by a naga sharpshooter (9 damage)
             ... on level 1 of the Snake Pit.
             The game lasted 01:59:23 (26253 turns).

samcosmo the Brawler (Troll Shapeshifter)          Turns: 26253, Time: 01:59:23

Health: 0/247      AC: 12    Str: 49    XL:     17   Next: 5%
Magic:  0/16       EV:  7    Int:  6    God:    Hepliaklqana [******]
Gold:   1120       SH:  0    Dex: 11    Spells: 16/16 levels left

rFire   + +          .
                       - Unarmed
rCold   x . .        (shield currently unavailable)
rNeg    . . .        N - melded +0 troll leather armour
rPois   +            k - melded +2 hat of the Sky {rF+ Slay+2}
rElec   .            C - melded +2 cloak
rCorr   .            (gloves unavailable)
SInv    .            (boots unavailable)
Will    ++...        W - amulet "Xiogoz" {Spirit Str+3}
Stlth   +            n - ring "Inoit" {Str+6 Slay+2}
HPRegen 1.41/turn    f - ring of willpower
MPRegen 0.15/turn

%: guardian spirit
@: dragon-form, flying, studying Fighting, invisible
A: dragon claw, dragon scales, breathe fire, flying, boosted hp, reduced
essence, giant, unfitting armour, (claws 3), regeneration 1, (shaggy fur 1),
(tough skin 1)
a: Breathe Fire, Begin Untransformation, Renounce Religion, Recall Ancestor,
Ancestor Identity, Transference, Idealise


You were on level 1 of the Snake Pit.
You worshipped Hepliaklqana.
Hepliaklqana was exalted by your worship.
You were a fearsome dragon!
You visited 5 branches of the dungeon, and saw 24 of its levels.
You also visited: Sewer and Gauntlet.

You collected 2470 gold pieces.
You spent 1350 gold pieces at shops.

Inventory:

Armour
 k - the +2 hat of the Sky (melded) {rF+ Slay+2}
   (You found it on level 1 of the Lair of Beasts)

   Slay+2:    It affects your accuracy & damage with ranged weapons and melee
   (+2).
   rF+:       It protects you from fire.
 C - a +2 cloak (melded)
 N - a +0 troll leather armour (melded)
Jewellery
 f - a ring of willpower (right foreclaw)
 n - the ring "Inoit" (left foreclaw) {Str+6 Slay+2}
   (You found it in a Gauntlet)

   [ring of strength]

   Str+6:     It affects your strength (+6).
   Slay+2:    It affects your accuracy & damage with ranged weapons and melee
   (+2).
 B - a ring of flight
 J - a ring of positive energy
 M - a ring of ice
 O - a +6 ring of strength
 P - a ring of protection from cold
 S - a ring of see invisible
 U - a ring of protection from fire
 W - the amulet "Xiogoz" (around neck) {Spirit Str+3}
   (You acquired it on level 2 of the Lair of Beasts)

   [amulet of guardian spirit]

   Spirit:    It causes incoming damage to be divided between your reserves of
   health and magic.
   Str+3:     It affects your strength (+3).
Talismans
 d - a flux talisman
 s - the serpent talisman "Milumaz" {Fly rN+ Str+3 Dex-2}
   (You took it off Aizul on level 1 of the Snake Pit)

   [serpent talisman]

   Str+3:     It affects your strength (+3).
   Dex-2:     It affects your dexterity (-2).
   rN+:       It protects you from negative energy.
   Fly:       It grants you flight.
 y - a blade talisman
 E - a maw talisman
 R - a serpent talisman
 T - a dragon-blood talisman (active)
Wands
 e - a wand of polymorph (10)
 l - a wand of flame (11)
 z - a wand of quicksilver (6)
 H - a wand of mindburst (8)
 K - a wand of paralysis (11)
 Q - a wand of digging (7)
 X - a wand of roots (5)
Scrolls
 a - 4 scrolls of immolation
 c - 2 scrolls of revelation
 i - 9 scrolls of fear
 m - 3 scrolls of fog
 q - 7 scrolls of teleportation
 r - 2 scrolls of amnesia
 w - 6 scrolls of identify
 x - a scroll of butterflies
 A - 4 scrolls of poison
 I - 3 scrolls of enchant weapon
 Y - 3 scrolls of noise
Potions
 b - 6 potions of lignification
 g - 3 potions of resistance
 h - 15 potions of curing
 j - 4 potions of mutation
 o - 3 potions of enlightenment
 p - 2 potions of cancellation
 t - 8 potions of ambrosia
 u - 2 potions of berserk rage
 D - 2 potions of haste
 F - 3 potions of invisibility
 G - 3 potions of magic
 L - 3 potions of might
 V - a potion of brilliance
 Z - 3 potions of attraction


   Skills:
 + Level 15.6 Fighting
 - Level 1.5 Dodging
 * Level 20.0 Unarmed Combat
 + Level 16.8 Shapeshifting


You had 16 spell levels left.
You didn't know any spells.
Your spell library contained the following spells:

 Spells                   Type           Power      Damage    Failure   Level
 Foxfire                  Conj/Fire      0%         2x1d4     45%         1
 Magic Dart               Conj           0%         1d3       45%         1
 Blink                    Tloc           0%         N/A       58%         2
 Call Imp                 Summ           0%         N/A       58%         2
 Ensorcelled Hibernation  Hex/Ice        0%         N/A       58%         2
 Gell's Gravitas          Tloc           0%         N/A       83%         3
 Mephitic Cloud           Conj/Alch/Air  0%         N/A       83%         3
 Ozocubu's Armour         Ice            0%         N/A       83%         3
 Passwall                 Erth           0%         N/A       83%         3
 Swiftness                Air            0%         N/A       83%         3
 Teleport Other           Tloc           0%         N/A       83%         3
 Tukima's Dance           Hex            0%         N/A       83%         3
 Anguish                  Hex/Necr       0%         N/A       99%         4
 Cause Fear               Hex            0%         N/A       99%         4
 Dimensional Bullseye     Hex/Tloc       0%         N/A       99%         4
 Iskenderun's Mystic Bla  Conj/Tloc      0%         2d3       99%         4
 Metabolic Englaciation   Hex/Ice        0%         N/A       100%        5
 Dispersal                Tloc           0%         N/A       100%        6
 Plasma Beam              Fire/Air       0%         2x1d10    100%        6
 Sculpt Simulacrum        Ice/Alch       0%         N/A       100%        6
 Starburst                Conj/Fire      0%         6d3       100%        6
 Enfeeble                 Hex            0%         N/A       100%        7
 Lehudib's Crystal Spear  Conj/Erth      0%         10d2      100%        8
 Chain Lightning          Conj/Air       0%         N/A       100%        9


Dungeon Overview and Level Annotations

Branches:
Dungeon (15/15)            Temple (1/1) D:6            Lair (5/5) D:10
 Shoals (0/4) Lair:2        Snake (1/4) Lair:3        Slime (0/5) Lair:4
    Orc (2/2) D:11            Elf (0/3) Orc:2        Vaults (0/5) D:13
 Depths (0/4) D:15          Sewer (visited)         Gauntlet (visited)

Altars:
Ashenzari
Cheibriados
Dithmenos
Elyvilon
Fedhas
Gozag
Hepliaklqana
Kikubaaqudgha
Makhleb
Nemelex Xobeh
Okawaru
Qazlal
Ru
Sif Muna
Trog
Uskayaw
Vehumet
Wu Jian
Xom
Yredelemnul
Zin
The Shining One

Shops:
D:3 =   D:8 [   D:9 =(!   D:11 =   D:12 *   Orc:2 ?=*=

Annotations:
Snake:1 1 exclusion, Roxanne


Innate Abilities, Weirdness & Mutations

You are a fearsome dragon!
You have a powerful clawing attack.
Your giant scaled body is strong and resilient, but less evasive.
You can breathe fire.
You are flying.
Your maximum health is greatly increased.
Your armour is entirely melded.
You are incapable of wielding weapons or throwing items.
Your life essence is reduced to manifest your ancestor. (-10% HP)
You are too large for most types of armour.
((You have claws for hands.))
Your natural rate of healing is unusually fast.
((You are covered in fur. (AC +1)))
((You have tough skin. (AC +1)))


Message History

Things that are here:
a +0 shortbow; a +3 hand axe of flaming You fade into invisibility!
* * * LOW HITPOINT WARNING * * *
You feel very sick.
Dagmar hits the naga sharpshooter but does no damage.
Dagmar drains the naga sharpshooter.
The naga sharpshooter shoots an arrow.
The arrow barely misses you.
The arrow hits the naga sharpshooter!
Dagmar hits the naga sharpshooter with a +0 dagger of draining!
Dagmar drains the naga sharpshooter.
You feel better.
The naga sharpshooter spits poison at you.
The splash of poison hits you. You resist.
* * * LOW HITPOINT WARNING * * *
Dagmar casts a spell at the naga sharpshooter.
The naga sharpshooter appears confused.
The naga sharpshooter unwields a +0 scimitar.
The naga sharpshooter wields a +0 arbalest.
The naga sharpshooter casts a spell.
The naga sharpshooter magically shoots a bolt.
The bolt hits you.
* * * LOW HITPOINT WARNING * * *
You barely miss the naga sharpshooter. You tail-slap the naga sharpshooter.
The naga sharpshooter is heavily wounded.
Your surroundings seem slightly different.
Dagmar hits the naga sharpshooter with a +0 dagger of draining.
Dagmar drains the naga sharpshooter.
The naga sharpshooter shoots an arrow.
The arrow hits you.
Unknown command.
As you read the scroll of fog, it dissolves into smoke.
Dagmar hits the naga sharpshooter with a +0 dagger of draining.
Dagmar drains the naga sharpshooter.
The naga sharpshooter unwields a +0 shortbow.
The naga sharpshooter wields a +0 scimitar.
The naga sharpshooter hits something with a +0 scimitar!
The naga sharpshooter hits itself with a +0 scimitar!
Dagmar hits the naga sharpshooter with a +0 dagger of draining!
The naga sharpshooter dies!
The naga sharpshooter shoots an arrow.
The arrow hits you!
You die...

#.S≈...####
)#N≈≈...##.### ..≈
.'N≈≈$.......# ....≈≈.
.'N≈≈......... ....≈≈N
.'N≈≈.......## #...≈≈.
.#.≈≈...##.##
#...≈≈.#######.≈≈...####
....≈≈NN§§§.§)N≈≈....
....≈≈≈≈§D§≈R≈≈≈≈....
....≈≈≈≈§§§≈≈≈≈≈≈....
....................
....................
....................
####
.......##...##......
#...
#########...########
#.#8 ####.....####
####.†† #.......#...#
##..).##


You could see the friendly Dagmar the hexer and 3 naga sharpshooters.

Vanquished Creatures
  Rupert (D:13)
  Kirke (D:13)
  Aizul (Snake:1)
  The ghost of squishfish the Brawler, a journeyman TrMo of Makhleb (D:12)
  2 orc warlords
  Nessos (Lair:4)
  A dire elephant (Lair:5)
  Azrael (D:13)
  A minotaur (Gauntlet)
  An ettin (D:15)
  Josephine (D:15)
  3 hydras
  An ogre mage (D:15)
  The ghost of Endbringerleviathan the Thaumaturge, a journeyman NaFE of Gozag (Lair:1)
  A death knight (D:13)
  2 anacondas (Snake:1)
  11 centaur warriors
  11 death yaks
  2 catoblepae
  A naga warrior (Snake:1)
  3 tengu warriors
  A hell hog (Lair:5)
  11 two-headed ogres
  Urug (D:13)
  4 orc high priests (Orc:2)
  A sun demon (D:11)
  A naga sharpshooter (Snake:1)
  A hell knight (D:15)
  A shock serpent (Snake:1)
  A soul eater (D:11)
  A salamander mystic (Snake:1)
  A skyshark (Lair:4)
  2 large abominations (Gauntlet)
  10 mana vipers (Snake:1)
  3 arcanists (D:13)
  8 orc knights
  A swamp dragon (Lair:5)
  4 naga ritualists (Snake:1)
  A lindwurm (Lair:5)
  4 deep elf pyromancers
  4 deep elf zephyrmancers
  7 salamanders
  5 manticores
  5 orc sorcerers
  16 ugly things
  3 cyclopes
  2 moths of wrath (Lair:1)
  6 kobold blastminers (Orc:2)
  A rust devil (D:11)
  2 slime creatures (D:12)
  19 black mambas
  9 elephants
  2 gargoyles
  12 cane toads
  An orange demon (D:11)
  A kobold demonologist (D:9)
  An unseen horror (shapeshifter) (D:13)
  3 rime drakes
  10 komodo dragons
  2 freezing wraiths
  8 trolls
  A tengu conjurer (D:15)
  A queen bee (D:12)
  A hellwing (D:11)
  8 polar bears
  A queen bee (shapeshifter) (D:13)
  3 hornets
  11 blink frogs
  22 dream sheep
  A snapping turtle (Lair:2)
  A centaur simulacrum (D:15)
  A spriggan (shapeshifter) (D:13)
  9 shadows
  5 small abominations (Gauntlet)
  A water elemental (Lair:2)
  6 wyverns
  2 fire elementals (D:13)
  A hog (D:13)
  6 wraiths
  3 basilisks
  A fire bat (shapeshifter) (D:14)
  3 vampires (D:12)
  52 yaks
  9 wargs
  3 vampire mosquitoes (D:11)
  3 steam dragons
  4 acid dragons
  5 nagas (Snake:1)
  15 water moccasins
  19 hell hounds
  Pargi (Sewer)
  52 orc warriors
  2 ice beasts
  13 ogres
  11 black bears
  2 laughing skulls (D:13)
  15 centaurs
  35 wolves
  2 phantoms (D:5)
  15 bullfrogs
  A brain worm (Sewer)
  2 gnoll sergeants
  5 kobold brigands
  A scorpion (D:7)
  3 wights (D:10)
  2 hexers
  10 killer bees
  A howler monkey (D:11)
  An electric eel (Snake:1)
  2 lava snakes (Lair:3)
  2 jellies
  2 bombardier beetles
  A gnoll bouda (D:7)
  26 orc priests
  6 quasits (D:11)
  2 hounds
  A sleepcap (D:5)
  Jessica (D:3)
  7 iguanas
  22 orc wizards
  19 gnolls
  13 adders
  A shadow imp (D:6)
  A howler monkey simulacrum (D:10)
  5 white imps
  3 ribbon worms
  4 dart slugs
  93 orcs
  7 bats
  10 endoplasms
  4 giant cockroaches
  9 goblins
  8 hobgoblins
  6 jackals
  21 kobolds
  6 quokkas
  11 ball pythons
  8 frilled lizards
  9 rats
906 creatures vanquished.

Vanquished Creatures (collateral kills)
  An ice dragon (Lair:5)
  A two-headed ogre (D:12)
  A death yak (Lair:2)
  A naga sharpshooter (Snake:1)
  A deep elf zephyrmancer (Orc:1)
  2 cyclopes
  A manticore (D:15)
  2 ugly things
  2 deep elf pyromancers (Orc:1)
  A black mamba (Lair:4)
  A kobold blastminer (Orc:2)
  An eye of devastation (Lair:4)
  A troll (D:10)
  2 polar bears (Lair:5)
  5 blink frogs
  2 dream sheep (Lair:5)
  A glass eye (Lair:4)
  A slime creature (D:12)
  A vampire (D:10)
  8 yaks
  A basilisk (Lair:1)
  2 wargs
  An acid dragon (Lair:5)
  A water moccasin (Lair:3)
  A hell hound (Lair:5)
  An orc warrior (D:15)
  2 black bears (Lair:5)
  A wolf (Lair:5)
  2 ogres
  2 centaurs
  A bullfrog (D:9)
  2 wights (D:10)
  An electric eel (Snake:1)
  6 orc priests
  2 orc wizards
  2 gnolls
  28 orcs
  A kobold (D:9)
93 creatures vanquished.

Vanquished Creatures (others)
  A centaur warrior (D:13)
  An arcanist (D:4)
  4 humans (D:13)
  14 hexers
  3 ancestors
23 creatures vanquished.

Grand Total: 1022 creatures vanquished

Notes
Turn   | Place    | Note
-------+----------+-------------------------------------------
     0 | D:1      | samcosmo the Troll Shapeshifter began the quest for the
                  | Orb.
     0 | D:1      | Reached XP level 1. HP: 18/18 MP: 0/0
    72 | D:1      | Reached skill level 1 in Fighting
   103 | D:1      | Reached XP level 2. HP: 27/27 MP: 1/1
   152 | D:1      | Found a faded altar of an unknown god.
   860 | D:2      | Reached XP level 3. HP: 33/33 MP: 2/2
   904 | D:2      | You fall into a shaft and drop 1 floor!
   973 | D:3      | Noticed Jessica
   994 | D:3      | Killed Jessica
   995 | D:3      | Reached XP level 4. HP: 22/42 MP: 3/3
  1038 | D:3      | Found Wohy's Jewellery Emporium.
  1503 | D:2      | Reached XP level 5. HP: 49/49 MP: 4/4
  1930 | D:3      | Reached skill level 4 in Unarmed Combat
  2055 | D:3      | Reached skill level 5 in Shapeshifting
  2160 | D:3      | Found a sparkling altar of Nemelex Xobeh.
  2238 | D:3      | Found a basalt altar of Yredelemnul.
  2308 | D:4      | Reached XP level 6. HP: 57/59 MP: 5/5
  2377 | D:4      | Found a glowing drain.
  2390 | Sewer    | Entered a sewer
  2462 | Sewer    | Noticed Pargi
  2470 | Sewer    | Killed Pargi
  2478 | Sewer    | Reached XP level 7. HP: 67/67 MP: 4/6
  2685 | D:4      | Found a bloodstained altar of Trog.
  2686 | D:4      | Noticed a wizard
  2691 | D:4      | Killed a wizard
  2775 | D:4      | Found a broken altar of Ashenzari.
  2895 | D:4      | Found a glowing silver altar of Zin.
  3012 | D:4      | Noticed a water elemental
  3013 | D:4      | Found a stormy altar of Qazlal.
  3017 | D:4      | Noticed a fire elemental
  3017 | D:4      | Noticed an air elemental
  3089 | D:5      | Entered Level 5 of the Dungeon
  3316 | D:5      | Found a shimmering blue altar of Sif Muna.
  3338 | D:5      | Found a blossoming altar of Fedhas.
  3460 | D:5      | Found an iron altar of Okawaru.
  3531 | D:5      | Reached XP level 8. HP: 76/78 MP: 7/7
  3568 | D:5      | Found a sacrificial altar of Ru.
  4242 | D:6      | Got the Lectures on Conjuration
  4570 | D:6      | Found a staircase to the Ecumenical Temple.
  4580 | Temple   | Entered the Ecumenical Temple
  4607 | Temple   | Became a worshipper of Hepliaklqana the Forgotten
  4794 | D:7      | Found an ancient bone altar of Kikubaaqudgha.
  4855 | D:7      | Reached skill level 5 in Fighting
  5317 | D:8      | Found a snail-covered altar of Cheibriados.
  5318 | D:8      | Found Cheibriados's Comfort Zone.
  5334 | D:8      | Reached XP level 9. HP: 67/88 MP: 8/8
  5400 | D:8      | Reached * piety under Hepliaklqana
  5946 | D:8      | Reached skill level 10 in Shapeshifting
  6084 | D:9      | Found Teminwa's Jewellery Boutique.
  6098 | D:9      | Noticed a kobold demonologist
  6165 | D:9      | Killed a kobold demonologist
  6166 | D:9      | Reached XP level 10. HP: 60/90 MP: 9/9
  6337 | D:9      | Found Dulat's Distillery.
  6487 | D:9      | Reached skill level 5 in Unarmed Combat
  6609 | D:9      | Found Wuqif's Weapon Shoppe.
  6767 | D:9      | Reached ** piety under Hepliaklqana
  6768 | D:9      | Remembered your ancestor Dagmar as a hexer
  7064 | D:10     | Entered Level 10 of the Dungeon
  7107 | D:10     | Reached skill level 6 in Unarmed Combat
  7335 | D:10     | Noticed a death yak
  7337 | D:10     | Found a staircase to the Lair.
  7337 | D:10     | Noticed a death yak
  7337 | D:10     | Noticed a death yak
  7337 | D:10     | Noticed a death yak
  7337 | D:10     | Noticed a death yak
  7338 | D:10     | Noticed a death yak
  7346 | D:10     | Killed a death yak
  7347 | D:10     | Reached skill level 7 in Unarmed Combat
  7349 | D:10     | Killed a death yak
  7350 | D:10     | Reached XP level 11. HP: 99/99 MP: 10/10
  7357 | D:10     | Killed a death yak
  7390 | D:9      | Killed a death yak
  7391 | D:9      | Reached skill level 8 in Unarmed Combat
  7498 | D:9      | Killed a death yak
  7534 | D:9      | Killed a death yak
  7995 | D:10     | Noticed a centaur warrior
  8001 | D:10     | Killed a centaur warrior
  8003 | D:10     | Noticed a centaur warrior
  8007 | D:10     | Noticed an orc knight
  8008 | D:10     | Killed a centaur warrior
  8009 | D:10     | Reached skill level 9 in Unarmed Combat
  8012 | D:10     | Noticed a six-headed hydra
  8026 | D:9      | Killed an orc knight
  8049 | D:10     | Killed a six-headed hydra
  8108 | D:10     | Noticed an orc knight
  8115 | D:10     | Killed an orc knight
  8297 | D:10     | Reached skill level 10 in Unarmed Combat
  8573 | D:3      | Bought a serpent talisman for 330 gold pieces
  8734 | Lair:1   | Entered Level 1 of the Lair of Beasts
  8836 | Lair:1   | Reached XP level 12. HP: 110/110 MP: 11/11
  8842 | Lair:1   | Noticed a catoblepas
  8848 | Lair:1   | Killed a catoblepas
  8871 | Lair:1   | Noticed a five-headed hydra
  8873 | Lair:1   | Found a transporter.
  8895 | Lair:1   | Reached *** piety under Hepliaklqana
  8913 | Lair:1   | Noticed Endbringerleviathan's ghost (journeyman NaFE)
  9246 | Lair:1   | Reached skill level 11 in Unarmed Combat
  9295 | Lair:1   | Found a transporter.
  9585 | Lair:2   | Noticed a death yak
  9585 | Lair:2   | Noticed a death yak
  9585 | Lair:2   | Noticed a death yak
  9585 | Lair:2   | Noticed a death yak
  9593 | Lair:2   | Noticed a death yak
  9604 | Lair:1   | Killed a death yak
  9670 | Lair:2   | Killed a death yak
  9673 | Lair:2   | Killed a death yak
  9678 | Lair:2   | Killed a death yak
  9683 | Lair:2   | Killed a death yak
  9684 | Lair:2   | Reached skill level 12 in Unarmed Combat
  9967 | Lair:2   | Reached skill level 10 in Fighting
 10073 | Lair:2   | Reached XP level 13. HP: 110/119 MP: 12/12
 10231 | Lair:2   | Identified a scroll of acquirement
 10233 | Lair:2   | Acquired the amulet "Xiogoz" {Spirit Str+3}
 10380 | Lair:2   | Found a staircase to the Shoals.
 10692 | Lair:3   | Reached **** piety under Hepliaklqana
 10903 | Lair:3   | Reached skill level 13 in Unarmed Combat
 11217 | Lair:3   | Found a staircase to the Snake Pit.
 11555 | Lair:4   | Found a staircase to the Slime Pits.
 11592 | Lair:4   | Found a gate leading to a gauntlet.
 11618 | Gauntlet | Entered a Gauntlet
 11618 | Gauntlet | Found a transporter.
 11618 | Gauntlet | Found a transporter.
 11645 | Gauntlet | Found a transporter.
 11657 | Gauntlet | Found a transporter.
 11670 | Gauntlet | Found a transporter.
 11682 | Gauntlet | Found a transporter.
 11695 | Gauntlet | Found a transporter.
 11697 | Gauntlet | Found a large runed translucent door.
 11698 | Gauntlet | Found a large runed translucent door.
 11699 | Gauntlet | Found a large runed translucent door.
 11699 | Gauntlet | Found a large runed translucent door.
 11700 | Gauntlet | Found a runed translucent gate.
 11701 | Gauntlet | Found a transporter.
 11701 | Gauntlet | Found a runed translucent gate.
 11702 | Gauntlet | Found a runed translucent gate.
 11703 | Gauntlet | Found a large runed translucent door.
 11703 | Gauntlet | Found a large runed translucent door.
 11704 | Gauntlet | Found a large runed translucent door.
 11705 | Gauntlet | Found a large runed translucent door.
 11715 | Gauntlet | Found a transporter.
 11732 | Gauntlet | Found a transporter.
 11736 | Gauntlet | Found a transporter.
 11772 | Gauntlet | Found a large runed translucent door.
 11773 | Gauntlet | Found a large runed translucent door.
 11774 | Gauntlet | Found a large runed translucent door.
 11774 | Gauntlet | Found a large runed translucent door.
 11774 | Gauntlet | Found a runed translucent door.
 11775 | Gauntlet | Found a transporter.
 11776 | Gauntlet | Found a runed translucent door.
 11777 | Gauntlet | Found a large runed translucent door.
 11777 | Gauntlet | Found a large runed translucent door.
 11778 | Gauntlet | Found a large runed translucent door.
 11779 | Gauntlet | Found a large runed translucent door.
 11972 | Gauntlet | Identified the ring "Inoit" {Str+6 Slay+2}
 12061 | Gauntlet | Identified the +6 demon blade of the Six Servitors {venom,
                  | rCorr}
 12061 | Gauntlet | Noticed a minotaur
 12069 | Gauntlet | Killed a minotaur
 12219 | Lair:4   | Reached ***** piety under Hepliaklqana
 12243 | Lair:4   | Reached skill level 14 in Unarmed Combat
 12614 | Lair:4   | Noticed Nessos
 12627 | Lair:5   | Entered Level 5 of the Lair of Beasts
 12721 | Lair:4   | Killed Nessos
 13181 | Lair:4   | Reached XP level 14. HP: 131/131 MP: 9/13
 13458 | Lair:5   | Reached skill level 15 in Unarmed Combat
 14431 | Lair:5   | Reached skill level 16 in Unarmed Combat
 14453 | Lair:5   | Identified the +2 pair of gloves "Qomeuloa" {rPois rC-
                  | Str+4 Dex+7}
 14978 | D:11     | Reached skill level 15 in Shapeshifting
 15188 | D:11     | Acquired a manual of Fighting
 15282 | D:11     | Found a staircase to the Orcish Mines.
 15287 | D:11     | Found Jipesm's Jewellery Emporium.
 16739 | D:12     | Reached XP level 15. HP: 136/141 MP: 10/14
 17022 | D:12     | Noticed squishfish's ghost (journeyman TrMo)
 17032 | D:12     | Found a transporter.
 17035 | D:12     | Found a transporter.
 17290 | D:12     | Found Buubifol's Blood Bar.
 17750 | Lair:1   | Killed Endbringerleviathan's ghost
 17823 | Lair:1   | Identified the +2 hat of the Sky {rF+ Slay+2}
 18011 | D:12     | Killed squishfish's ghost
 18323 | D:13     | Noticed Azrael
 18343 | D:13     | Killed Azrael
 18348 | D:13     | Reached skill level 17 in Unarmed Combat
 18448 | D:13     | Noticed Urug
 18453 | D:13     | Killed Urug
 18648 | D:13     | Identified the +4 rapier "Troll's Doom" {drain, rF+ rC++}
 18717 | D:13     | Noticed Rupert
 18728 | D:13     | Killed Rupert
 18882 | D:13     | Noticed Kirke
 18889 | D:13     | Killed Kirke
 19177 | D:13     | Found a gate to the Vaults.
 19872 | D:14     | Reached skill level 18 in Unarmed Combat
 20081 | D:14     | Reached ****** piety under Hepliaklqana
 20355 | D:15     | Entered Level 15 of the Dungeon
 20439 | D:15     | Noticed Josephine
 20445 | D:15     | Killed Josephine
 20606 | D:15     | Reached XP level 16. HP: 139/154 MP: 10/15
 20869 | D:15     | Found a staircase to the Depths.
 21592 | Orc:1    | Entered Level 1 of the Orcish Mines
 22485 | Orc:2    | Entered Level 2 of the Orcish Mines
 22822 | Orc:2    | Found Riklun's Magic Scroll Boutique.
 22935 | Orc:2    | Reached skill level 19 in Unarmed Combat
 23105 | Orc:2    | Found Gapuac's Jewellery Shop.
 23606 | Orc:2    | Found Seipt's Jewellery Boutique.
 23713 | Orc:2    | Bought a dragon-blood talisman for 1020 gold pieces
 23802 | Orc:2    | Found Ecwaviedd's General Store.
 24000 | Orc:2    | Reached skill level 15 in Fighting
 24499 | Orc:2    | Found a staircase to the Elven Halls.
 24780 | Snake:1  | Entered Level 1 of the Snake Pit
 25100 | Snake:1  | Identified the serpent talisman "Milumaz" {Fly rN+ Str+3
                  | Dex-2}
 25100 | Snake:1  | Noticed Aizul
 25129 | Snake:1  | Killed Aizul
 26010 | Snake:1  | Reached XP level 17. HP: 165/165 MP: 16/16
 26014 | Snake:1  | Reached skill level 20 in Unarmed Combat
 26228 | Snake:1  | Noticed Roxanne
 26249 | Snake:1  | HP: 11/247 [naga sharpshooter/arrow (19)]
 26250 | Snake:1  | HP: 4/247 [poisoned by a naga sharpshooter (splash of
                  | poison)]
 26253 | Snake:1  | Shot with an arrow by a naga sharpshooter

Illustrated notes

Levels and vault maps discovered:
D:1:      mrwooster_arrival_statue_2, layout_basic,
          hellmonk_ecumenical_altar_run_dry, bh_walls_and_bars
D:2:      minmay_spotlight, layout_loops_ring, minmay_heptomino_o4
D:3:      layout_rooms, nemelex_xobeh_ov_fountains_minmay, marbit_many_paths,
          serial_shops, nicolae_square_shop, uniq_jessica
D:4:      layout_cave_pools, trog_wizard, nicolae_qazlal_style_of_elements,
          nicolae_ashenzari_skybound, pf_just_have_faith, portal_sewer_entry_d
D:5:      layout_basic, kennysheep_mini_moat, mainiacjoe_overflow_alcove_4,
          mainiacjoe_overflow_alcove_1, fedhas_altar_1, minivault_4,
          minivault_26
D:6:      layout_basic, minmay_temple_entry_poolview
D:7:      layout_cave_pools, nicolae_kikubaaqudgha_miasma_corner,
          chequers_serial_rivers_small_a
D:8:      layout_basic, minmay_shop_chei
D:9:      layout_loops_ring, serial_shops, nicolae_shop_trees, shop, shop
D:10:     layout_roguey, dpeg_lair_monsters, grunt_ministairs_15,
          minmay_fractal_squares_gapless_7
D:11:     layout_layer_cave, orc_0_dummy, serial_demonic, serial_demonic_b,
          serial_demonic_a, serial_demonic_a, serial_demonic_e,
          serial_demonic_d, serial_demonic_d, serial_shops, shop
D:12:     layout_layer_cave, gammafunk_ghost_hive, chequers_serial_rivers_marsh,
          minmay_misc_feat_ornament, guppyfry_shop_blood
D:13:     layout_loops_ring, david_vaults_1, uniq_urug, uniq_kirke, uniq_azrael,
          uniq_rupert
D:14:     layout_cave_pools, serial_park_tiny_pond
D:15:     hangedman_depths_entry_civil_slaughter, layout_small_grid,
          chequers_serial_rivers_micro_b, special_room [special_room_orc],
          uniq_josephine
Temple:   grunt_temple_mini_profane
Lair:1:   layout_concentric_octagons, gammafunk_ghost_berserking_beasts
Lair:2:   layout_regular_city, minmay_shoals_entry_hut
Lair:3:   layout_loops_ring, nicolae_snake_entry_warm_welcome
Lair:4:   layout_small_grid, minmay_slime_entry_eyes, gauntlet_entry_generic,
          chequers_serial_rivers_room_a, uniq_nessos
Lair:5:   guppyfry_lair_end_dragon, layout_gridlike,
          hangedman_lair_caniforms_friends, nicolae_lair_yak_garden,
          grunt_megastairs_1
Snake:1:  nicolae_snake_shooting_gallery, layout_layer_cave, grunt_megastairs_5,
          uniq_aizul, uniq_roxanne
Orc:1:    layout_caves, elves_outpost_lemuel
Orc:2:    pubby_orc_utopia, serial_shops

Skill      XL: |  1  2  3  4  5  6  7  8  9 10 11 12 13 14 15 16 17 |
---------------+----------------------------------------------------+-----
Fighting       | 1 2 3 4 5 6 8 9 10 11 12 14 15 | 15.6
Shapeshifting  | 4 5 6 7 9 11 12 13 14 15 16 | 16.8
Unarmed Combat | 4 7 10 12 14 16 18 19 20 | 20.0
Dodging        | |  1.5

Action                     |  1- 3 |  4- 6 |  7- 9 | 10-12 | 13-15 | 16-18 || total
---------------------------+-------+-------+-------+-------+-------+-------++-------
  Melee: Unarmed           |    84 |   179 |   352 |   365 |   793 |   439 ||  2212
         Punch             |     2 |       |     3 |     8 |     1 |    12 ||    26
         Constrict         |       |       |       |    41 |   176 |    52 ||   269
         Tailslap          |       |       |       |       |       |    22 ||    22
         Bite              |       |       |       |       |       |    12 ||    12
 Invoke: Ancestor Life: He |       |       |       |     1 |       |       ||     1
Ability: Breathe Fire      |       |       |       |       |       |     2 ||     2
    Use: Scroll            |       |    10 |    14 |     1 |    12 |     4 ||    41
         Potion            |       |       |       |     2 |     3 |     3 ||     8
   Stab: Sleeping          |       |     1 |       |       |       |       ||     1
         Distracted        |       |       |       |     2 |    14 |     8 ||    24
         Confused          |       |       |       |     1 |    12 |     5 ||    18
         Paralysed         |       |       |       |       |    13 |    31 ||    44
 Armour: Animal skin       |    53 |   136 |    44 |       |       |       ||   233
         Skin              |       |       |   172 |   124 |   919 |   496 ||  1711
         Steam dragon scal |       |       |    23 |    82 |       |       ||   105
         Troll leather arm |       |       |       |    72 |    22 |       ||    94
  Dodge: Dodged            |    38 |    82 |   212 |   115 |   442 |   159 ||  1048
   Form: Beast             |     2 |       |       |       |       |       ||     2
                           |     1 |       |     1 |       |       |       ||     2
         Flux              |       |       |     2 |       |       |       ||     2
         Blade             |       |       |     1 |       |     1 |       ||     2
         Serpent           |       |       |       |     1 |     1 |       ||     2
         Dragon            |       |       |       |       |       |     1 ||     1
